 Dungeon Crawl Stone Soup version 0.22.1-1-ga44c0e56f4 (webtiles) character file.

38 Knicklaso the Insei (level 3, -4/29 HPs)
             Began as a Draconian Transmuter on Oct 3, 2018.
             Slain by an adder (5 damage)
             ... on level 2 of the Dungeon.
             The game lasted 00:05:34 (1117 turns).

Knicklaso the Insei (Draconian Transmuter)          Turns: 1117, Time: 00:05:35

Health: -4/29      AC:  5    Str: 17    XL:     3   Next: 25%
Magic:  6/6        EV: 12    Int: 13    God:
Gold:   111        SH:  0    Dex: 12    Spells: 5/6 levels left

rFire    + . .     SeeInvis .     - Unarmed
rCold    + . .     Gourm    .   (no shield)
rNeg     . . .     Faith    .   (armour unavailable)
rPois    +         Spirit   .   (helmet restricted)
rElec    +         Reflect  .   (no cloak)
rCorr    +         Harm     .   (no gloves)
MR       .....                  (no boots)
Stlth    +.........             (no amulet)
HPRegen  0.09/turn              (no ring)
MPRegen  0.10/turn              (no ring)

@: mighty, resistant, flying
A: unfitting armour, cold-blooded, AC +5
a: no special abilities


You were on level 2 of the Dungeon.
You were not hungry.

You visited 1 branch of the dungeon, and saw 2 of its levels.

You collected 111 gold pieces.

Inventory:

Hand Weapons
 a - a +0 hunting sling
 o - a +0 dagger of electrocution
Missiles
 k - 12 arrows
 l - 15 stones (quivered)
Jewellery
 h - an uncursed ring of protection from cold {unknown}
Scrolls
 b - 2 scrolls of identify {unknown}
 e - 2 scrolls of remove curse {unknown}
 m - a scroll of magic mapping {unknown}
Potions
 i - 2 potions of haste {unknown}
 n - a potion of cancellation {unknown}
Comestibles
 c - 2 rations
 g - 5 chunks of flesh


   Skills:
 + Level 2.1 Fighting
 - Level 1.7 Dodging
 * Level 4.0 Unarmed Combat
 - Level 2.0 Spellcasting
 - Level 2.0 Transmutations


You had 5 spell levels left.
You knew the following spells:

 Your Spells              Type           Power        Failure   Level  Hunger
a - Beastly Appendage     Tmut           #.....       11%         1    ##.....

Your spell library contained the following spells:

 Spells                   Type           Power        Failure   Level  Hunger
 Sticks to Snakes         Tmut           #.......     17%         2    ###....
 Spider Form              Tmut/Pois      #.........   45%         3    ####...
 Ice Form                 Ice/Tmut       #.......     86%         4    #####..
 Blade Hands              Tmut           #.........   97%         5    ######.


Dungeon Overview and Level Annotations

Branches:
Dungeon (2/15)

Altars:


Innate Abilities, Weirdness & Mutations

Your plain brown scales are hard. (AC +5)
You cannot fit into any form of body armour.
You are cold-blooded and may be slowed by cold attacks.


Message History

You closely miss the adder.
The adder is heavily wounded.
The adder bites you.
* * * LOW HITPOINT WARNING * * *
The hobgoblin barely misses you.
Okay, then.
It was a potion of resistance.
You feel protected. The adder closely misses you. The adder bites you.
* * * LOW HITPOINT WARNING * * *
The hobgoblin closely misses you.
It was a potion of flight.
You feel very buoyant.
You fly up into the air.
Your talons disappear.
The adder misses you.
It was a potion of might.
You feel very mighty all of a sudden. The hobgoblin closely misses you.
The adder bites you.
You die...

#...# #...# #...#
##########...#
#.......##$..#
#......@##...#
.......gS##...#
........)#.$..##...
.................... #
#.........#####....
#.#...........# ....
#.#........##.###....
#........).#........ ##
#..####........#.....#..


You could see an adder and a hobgoblin.

Vanquished Creatures
  A dart slug (D:1)
  A leopard gecko (D:2)
  3 giant cockroaches
  5 goblins
  8 hobgoblins
  3 bats (D:1)
  2 frilled lizards
  2 kobolds (D:2)
  7 rats
32 creatures vanquished.

Notes
Turn   | Place    | Note
-------+----------+-------------------------------------------
     0 | D:1      | Knicklaso the Draconian Transmuter began the quest for the
                  | Orb.
     0 | D:1      | Reached XP level 1. HP: 16/16 MP: 3/3
   213 | D:1      | Reached XP level 2. HP: 18/23 MP: 3/5
   893 | D:2      | Reached XP level 3. HP: 26/29 MP: 4/6
  1022 | D:2      | Reached skill level 4 in Unarmed Combat
  1115 | D:2      | HP: 1/29 [adder (2)]
  1117 | D:2      | Slain by an adder

Skill      XL: |  1  2  3 |
---------------+----------+-----
Fighting       | 2 |  2.1
Unarmed Combat | 4 |  4.0
Dodging        | |  1.7
Spellcasting   | |  2.0
Transmutations | |  2.0

Action                   || total
-------------------------++-------
Melee: Unarmed           ||   112
       Tailslap          ||    15
       Kick              ||    10
       Headbutt          ||     1
 Fire: Hunting sling     ||    17
 Cast: Beastly Appendage ||    11
  Use: Potion            ||     3
  Eat: Chunk             ||     1
Armor: Skin              ||    40
Dodge: Dodged            ||   107
